 Dungeon Crawl Stone Soup version 0.10.2-40-g36e0077 character file.

2795051 bmfx the Cruiserweight Champion (level 27, 307/307 (321) HPs)
             Began as a Centaur Ice Elementalist on Aug 15, 2012.
             Was the Champion of Kikubaaqudgha.
             Escaped with the Orb
             ... and 5 runes on Aug 16, 2012!
             The game lasted 17:34:58 (81500 turns).

bmfx the Cruiserweight Champion (CeIE)             Turns: 81500, Time: 17:34:58

HP 307/307 (321) AC 16     Str 22      XL: 27
MP  41/41        EV  3     Int 24 (26) God: Kikubaaqudgha [******]
Gold 3933        SH  0     Dex 11      Spells: 14 memorised,  3 levels left

Res.Fire  : + + .   See Invis. : .   a - melded staff of energy {!a}
Res.Cold  : . . .   Warding    : . . k - melded +2 leather armour of the Ditch-Digger {Str Life Prot.: + . . Conserve : . h - melded +2 elf buckler Res.Acid. : . . . Res.Corr. : . s - melded +2 helmet {SInv}
Res.Poison: +       Clarity    : +   e - melded +2 cloak {rCorr, Cons}
Res.Elec. : .       Spirit.Shd : .   B - melded +2 pair of gauntlets {Dex+3}
Sust.Abil.: . .     Stasis     : .   A - melded +4 centaur barding {rF+}
Res.Mut.  : .       Ctrl.Telep.: x   I - amulet of the Four Winds {Clar rN+ MR}
Res.Rott. : .       Levitation : +   f - ring of Vitality {Regen HP+15}
Saprovore : . . .   Ctrl.Flight: +   E - ring "Qam Cyul" {rC+ Int+4}

@: dragon-form, repel missiles, flying, slightly contaminated, glowing,
extraordinarily resistant to hostile enchantments, extremely unstealthy
A: (hooves 0), berserk 1, blurry vision 1, (deformed body), deterioration 3,
herbivore 1, (speed 0), fast metabolism 1, -20% hp, (tough skin 0), AC +4, Str
-2, Int +1, Dex -2
a: End Transformation, Receive Corpses, Torment, Renounce Religion, Breathe Fire
}: 5/15 runes: decaying, barnacled, slimy, silver, golden


You escaped.
You worshipped Kikubaaqudgha.
Kikubaaqudgha was exalted by your worship.
You were very full.
You were a fearsome dragon!
You visited 12 branches of the dungeon, and saw 82 of its levels.
You visited 1 Labyrinth.
You visited 1 bazaar.
You visited 4 portal chambers: sewer, ice cave, volcano, trove.

You collected 9809 gold pieces.
You spent 5896 gold pieces at shops.


Innate Abilities, Weirdness & Mutations

((You have hooves in place of feet.))*
((Armour fits poorly on your strangely shaped body.))*
You digest meat inefficiently.
((You cover ground very quickly.))*
You have a fast metabolism.
((You have extremely tough skin (AC +3).))*
(You are partially covered in rough black scales (AC +4, Dex -1).)*
You tend to lose your temper in combat.
Your vision is a little blurry.
Your mind is acute (Int +1).
You are clumsy (Dex -1).
Your body is rapidly deteriorating.
You are very frail (-20% HP).
You are weak (Str -2).


   Skills:
 + Level 21.1 Fighting
 - Level 4.0 Throwing
 - Level 4.1 Armour
 - Level 1.3 Dodging
 - Level 1.2 Stealth
 - Level 3.0 Shields
 - Level 5.0 Traps & Doors
 O Level 27 Unarmed Combat
 - Level 13.6 Spellcasting
 - Level 0.8 Conjurations
 - Level 6.0 Hexes
 - Level 12.6 Charms
 - Level 3.9 Summonings
 - Level 8.5 Necromancy
 - Level 13.7 Translocations
 - Level 16.1 Transmutations
 - Level 15.6 Fire Magic
 - Level 2.6 Ice Magic
 - Level 5.7 Air Magic
 - Level 3.3 Evocations


You had 3 spell levels left.
You knew the following spells:

 Your Spells              Type           Power        Failure   Level  Hunger
a - Apportation           Tloc           #######...   0%          1    None
b - Blink                 Tloc           N/A          1%          2    None
c - Controlled Blink      Tloc           N/A          12%         7    Honeycomb
f - Flight                Air/Chrm       #######...   1%          3    None
h - Haste                 Chrm           #######..    3%          6    Honeycomb
i - Insulation            Air/Chrm       #######...   1%          4    None
m - Repel Missiles        Air/Chrm       #######...   1%          2    None
r - Regeneration          Chrm/Necr      #######...   1%          3    None
t - Control Teleport      Chrm/Tloc      #######...   1%          4    None
u - Sublimation of Blood  Necr           #######...   1%          2    None
A - Silence               Air/Hex        ######....   12%         5    Strawberry
B - Confusing Touch       Hex            ######....   1%          1    None
C - Dragon Form           Fire/Trmt      #######...   6%          7    Honeycomb
G - Ozocubu's Armour      Ice/Chrm       #######...   1%          3    None

Action                   |  1- 3 |  4- 6 |  7- 9 | 10-12 | 13-15 | 16-18 | 19-21 | 22-24 | 25-27 || total
-------------------------+-------+-------+-------+-------+-------+-------+-------+-------+-------++-------
Melee: Unarmed           |    32 |   132 |   253 |  1343 |  1727 |  1517 |  3619 |   755 |   696 || 10074
       Club              |       |       |       |       |     1 |       |       |       |       ||     1
       Demon whip        |       |       |       |       |       |       |    11 |       |       ||    11
 Fire: Blowgun           |       |    38 |    10 |    24 |       |     1 |       |       |       ||    73
Throw: Stone             |    14 |       |       |       |       |       |       |       |       ||    14
       Dart              |     3 |     4 |       |       |       |       |       |       |       ||     7
 Cast: Freeze            |    54 |    58 |    27 |     2 |       |       |       |       |       ||   141
       Confusing Touch   |       |       |    38 |   279 |   284 |   179 |   176 |       |       ||   956
       Pain              |       |       |     4 |    35 |     9 |     2 |       |       |       ||    50
       Regeneration      |       |       |     3 |   132 |   154 |   152 |   230 |    71 |    93 ||   835
       Animate Skeleton  |       |       |     2 |    76 |    42 |    35 |    66 |     3 |       ||   224
       Confuse           |       |       |       |    11 |    14 |       |       |       |       ||    25
       Sublimation of Bl |       |       |       |    21 |    27 |    51 |    78 |     6 |     3 ||   186
       Control Undead    |       |       |       |    17 |       |       |       |       |       ||    17
       Animate Dead      |       |       |       |     6 |   111 |    65 |   111 |       |       ||   293
       Ozocubu's Armour  |       |       |       |     3 |    17 |   104 |   208 |    29 |    30 ||   391
       Flight            |       |       |       |       |     6 |     1 |    93 |    14 |       ||   114
       Recall            |       |       |       |       |    16 |    14 |       |       |       ||    30
       Repel Missiles    |       |       |       |       |    17 |    63 |   108 |     6 |    44 ||   238
       Blink             |       |       |       |       |     2 |    17 |    15 |     6 |     5 ||    45
       Apportation       |       |       |       |       |    12 |    49 |   193 |     5 |     3 ||   262
       Fulsome Distillat |       |       |       |       |     2 |    10 |     1 |       |       ||    13
       Evaporate         |       |       |       |       |       |     6 |       |       |       ||     6
       Haste             |       |       |       |       |       |    13 |    78 |    29 |    43 ||   163
       Dispel Undead     |       |       |       |       |       |       |    12 |       |       ||    12
       Dragon Form       |       |       |       |       |       |       |    99 |    39 |    49 ||   187
       Silence           |       |       |       |       |       |       |     6 |    30 |     2 ||    38
       Controlled Blink  |       |       |       |       |       |       |       |     1 |     2 ||     3
       Insulation        |       |       |       |       |       |       |       |       |    10 ||    10
       Control Teleport  |       |       |       |       |       |       |       |       |     1 ||     1
Invok: Receive Corpses   |       |       |       |       |     5 |     1 |       |       |       ||     6
 Abil: Breathe Fire      |       |       |       |       |       |       |     9 |     3 |    10 ||    22
       End Transformatio |       |       |       |       |       |       |    16 |     6 |     2 ||    24
       Evoke Teleportati |       |       |       |       |       |       |       |     3 |     3 ||     6
Evoke: Wand              |       |       |    14 |    15 |    47 |    48 |    28 |     9 |    14 ||   175
       Rod               |       |       |    12 |    22 |    27 |    60 |     5 |     4 |       ||   130
  Use: Potion            |       |     1 |     4 |    12 |    15 |    20 |    34 |     4 |     3 ||    93
       Scroll            |       |     7 |    14 |    19 |    16 |    20 |    43 |    11 |    10 ||   140

Inventory:

Armour
 e - a +2 cloak of preservation (melded)
 h - a +2 elven buckler (melded)
 k - the +2 leather armour of the Ditch-Digger (melded) {Str+1 Int+3}
   (You found it on level 8 of the Vaults)

   It affects your strength (+1).
   It affects your intelligence (+3).
 s - a +2 helmet of see invisible (melded)
 A - a +4 centaur barding of fire resistance (melded)
 B - a +2 pair of gauntlets of dexterity (melded)
 W - the +4 centaur barding of Suesatasu {Dex+2}
   (You acquired it on level 8 of the Lair of Beasts)

   It affects your dexterity (+2).
Magical devices
 d - a wand of confusion (10)
 n - a wand of disintegration (5)
 v - a wand of digging (3)
 x - a wand of disintegration (9)
 y - a wand of digging (0)
 G - a wand of hasting (5)
 J - a wand of heal wounds (5)
Comestibles
 i - 2 meat rations
 F - a royal jelly
 R - 6 bread rations
 Z - 8 honeycombs
Jewellery
 c - an uncursed amulet of resist corrosion
 f - the ring of Vitality (right foreclaw) {Regen HP+15}
   (You found it on level 6 of the Pits of Slime)

   [ring of regeneration]

   It affects your health (+15).
   This famed ring greatly improves its wearer's health.
 g - an uncursed ring of teleportation
 m - the ring "Komaeh" {Str+4 Int+5}
   (You found it on level 8 of the Vaults)

   [ring of intelligence]

   It affects your intelligence (+5).
   It affects your strength (+4).
 o - an uncursed ring of protection from cold
 q - an uncursed ring of regeneration
 r - the ring of the Clam {rF+ Str+4 Dex+3}
   (You found it on level 6 of the Pits of Slime)

   [ring of protection from fire]

   It affects your strength (+4).
   It affects your dexterity (+3).
 C - an uncursed amulet of stasis
 D - an uncursed ring of sustain abilities
 E - the ring "Qam Cyul" (left foreclaw) {rC+ Int+4}
   (You found it on level 2 of the Crypt)

   [ring of protection from cold]

   It affects your intelligence (+4).
 I - the amulet of the Four Winds (around neck) {Clar rN+ MR}
   (You found it on level 1 of the Shoals)

   [amulet of clarity]

   It protects you from negative energy.
   It increases your resistance to enchantments.
 K - the ring "Romaaff" {cTele +Inv +Lev MR}
   (You found it on level 5 of the Crypt)

   [ring of teleport control]

   It increases your resistance to enchantments.
   It lets you turn invisible.
   It lets you levitate.
 L - an uncursed amulet of the gourmand
 N - the amulet "Yzxo Cri" {Cons rC+ Dam+5}
   (You found it on level 3 of the Tomb of the Ancients)

   [amulet of conservation]

   It affects your damage-dealing abilities (+5).
   It protects you from cold.
 O - an uncursed amulet of resist mutation
 U - an uncursed ring of protection from magic
Potions
 l - 3 potions of curing
 t - 6 potions of brilliance
 Q - 5 potions of magic
 V - 4 potions of restore abilities
Books
 z - a book of the Sky

   Spells                             Type                      Level
   *Flight                            Charms/Air                   3
   *Insulation                        Charms/Air                   4
   Airstrike                          Air                          4
   *Silence                           Hexes/Air                    5
   Deflect Missiles                   Charms/Air                   6
   Conjure Ball Lightning             Conjuration/Air              7
   Tornado                            Air                          9
 T - a Necronomicon {god gift}

   WARNING:   If you fail in an attempt to memorise a spell from this book, the
   book will lash out at you.

   Spells                             Type                      Level
   Borgnjor's Revivification          Necromancy                   7
   Haunt                              Necromancy/Summoning         7
   Death's Door                       Charms/Necromancy            8
   Necromutation                      Transmutation/Necromancy     8
Magical staves
 a - a staff of energy (melded) {!a}
 b - a staff of wizardry {!a}
 u - a +4 rod of summoning (17/17)
   (You found it on level 9 of the Dungeon)
 w - a +0 rod of warding (11/11)
   (You found it on level 2 of the Shoals)
 H - a staff of channeling {!a}
 M - a +7 rod of destruction [lightning,fireball,iron] (14/14)
   (You found it on level 5 of the Crypt)
Orbs of Power
 j - the Orb of Zot
Miscellaneous
 P - an ornate deck of war

#..# #.# #.###...###......# #..#
#.# #.##........#.#### #..# #.#
#.##...####...# #.. #.####.##..##
##..# #.. #.##.......# #...# #..#
#.#........## #...§. #..#
#.#...≈≈≈≈..####..≈≈≈§ #..#
#.#..≈≈≈≈.≈......≈≈§§ ≈.# #..#
#.#..≈≈>D≈≈......§ ≈ §§.# ##..#
#.#..≈≈≈≈≈≈.....§≈ §≈§. ....#
#.#...≈≈≈≈...##... §§. ...##
#.#.........## #. ... ...#
#.##........># #.# ...#
#.####.#####.# #.#
...######.####.#####.##########.#
##...............................
########.####%#####.############


There were no monsters in sight!

Vanquished Creatures
  the royal jelly (Slime:6)
  4 ancient liches
  3 orbs of fire
  26 greater mummies
  The ghost of numlockpick the Grand Master, a legendary OpMo of Cheibriados (Slime:5)
  Saint Roka (Vault:2)
  Boris (Vault:6)
  The ghost of tsouns the Intangible, an awesomely powerful HaBe of Trog (D:26)
  3 curse toes
  Margery (Vault:6)
  Mennas (D:27)
  2 golden dragons
  The ghost of djoor the Impregnable, a mighty MiBe of Trog (Slime:5)
  3 electric golems
  Xtahua (D:22)
  Nikola (Shoals:2)
  A Pit Fiend (D:23)
  18 Orb Guardians (Zot:5)
  2 deep elf blademasters (Elf:5)
  A titan (Vault:8)
  11 acid blobs
  2 liches
  7 shadow dragons
  A ghost moth (Zot:5)
  3 Ice Fiends
  Rupert (D:15)
  Agnes (Vault:6)
  8 storm dragons
  11 sphinxes
  4 draconian monks
  Aizul (Vault:3)
  Ilsuiw (Shoals:5)
  A draconian knight (Zot:4)
  6 frost giants
  An Executioner (Vault:8)
  4 ghouls
  8 bone dragons
  Donald (Shoals:5)
  An iron dragon (Vault:8)
  A quicksilver dragon zombie (Crypt:3)
  An orc warlord (Orc:3)
  A draconian scorcher (Zot:3)
  2 draconian zealots
  4 azure jellies
  8 tentacled monstrosities
  2 fire giants
  18 stone giants
  4 draconian shifters
  A draconian annihilator (Zot:4)
  A draconian caller (Zot:3)
  3 green draconians
  A Green Death (Vault:5)
  A grey draconian (Zot:4)
  5 deep elf annihilators (Elf:5)
  Jozef (D:15)
  A red draconian (Zot:1)
  A purple draconian (Zot:4)
  4 mottled draconians
  3 yellow draconians
  A vampire knight (Crypt:4)
  A spriggan defender (D:27)
  4 deep elf death magi (Elf:5)
  4 white draconians
  A pale draconian (Zot:5)
  2 deep elf master archers (Elf:5)
  5 deep elf sorcerers
  3 ettins
  A storm dragon zombie (Vault:6)
  23 mummy priests
  4 dragons
  2 sirens (Shoals:3)
  23 yaktaur captains
  3 death cobs
  2 storm dragon skeletons (Crypt:3)
  24 vault guards (Vault:7)
  11 ogre magi
  A golden dragon zombie (Crypt:5)
  2 great orbs of eyes (Slime:6)
  5 merfolk aquamancers (Shoals:5)
  The ghost of Izamaja the Nimble, a powerful MiBe of Trog (Orc:4)
  2 ice dragons
  7 death oozes (Slime:6)
  Harold (D:15)
  An anaconda zombie (Elf:1)
  Josephine (Elf:1)
  5 merfolk javelineers
  16 hydras
  A spriggan druid (D:27)
  A shadow dragon zombie (Zot:5)
  An alligator (shapeshifter) (Vault:8)
  8 deep elf demonologists (Elf:5)
  A deep troll (shapeshifter) (Vault:8)
  9 alligators
  2 deep elf high priests (Elf:5)
  3 merfolk impalers
  2 spriggan berserkers (D:27)
  The ghost of Mugar the Nimble, an experienced MiMo of Okawaru (D:8)
  A rakshasa (D:17)
  2 frost giant zombies
  2 fire giant zombies
  17 deep trolls
  A shadow dragon skeleton (Tomb:2)
  9 death yaks
  Nergalle (Shoals:2)
  6 orc high priests
  A sun demon (Tomb:1)
  2 fire giant skeletons
  18 centaur warriors
  2 stone giant skeletons
  3 death drakes
  5 frost giant skeletons
  2 iron trolls
  An emperor scorpion (shapeshifter) (Vault:8)
  8 hell knights
  51 skeletal warriors
  An ice devil (Vault:8)
  6 unseen horrors
  An elephant slug zombie (Crypt:5)
  A sea snake (shapeshifter) (D:27)
  26 deep elf knights
  A pale draconian zombie (Crypt:4)
  7 sea snakes
  A shadow wraith (Tomb:1)
  A flayed ghost (D:25)
  A sea snake zombie (Crypt:3)
  9 orc knights
  A lindwurm (shapeshifter) (Vault:8)
  A swamp dragon (Swamp:2)
  An ice statue (Port)
  10 giant amoebae
  A large abomination (Vault:5)
  A death yak skeleton (Crypt:5)
  A harpy zombie (Crypt:3)
  3 hydra zombies
  A flaming corpse (Crypt:5)
  11 harpies
  6 hill giants
  Joseph (Elf:2)
  A human (shapeshifter) (D:21)
  3 necromancers
  A harpy (shapeshifter) (D:26)
  A hellion (Vault:8)
  A spiny worm (shapeshifter) (D:27)
  Psyche (D:13)
  6 red wasps
  A cyclops (shapeshifter) (Vault:8)
  3 iron troll skeletons
  An oklob plant (Shoals:3)
  A trapdoor spider zombie (Tomb:2)
  A statue (D:18)
  A catoblepas zombie (Crypt:5)
  5 sixfirhies
  A shining eye (shapeshifter) (D:21)
  7 orc sorcerers
  2 griffons
  10 cyclopes
  Maurice (D:8)
  A hydra skeleton (D:18)
  A death drake skeleton (Crypt:5)
  An elephant slug (Lair:8)
  An elf (shapeshifter) (Vault:8)
  8 moths of wrath
  A moth of wrath (shapeshifter) (D:27)
  3 black mambas
  A tormentor (D:10)
  3 elf zombies (Elf:5)
  2 dragon zombies
  An orange demon (Elf:5)
  A spiny worm (Vault:7)
  A guardian serpent skeleton (Crypt:2)
  2 shining eyes (Slime:5)
  A spiny worm zombie (Vault:5)
  29 yaktaurs
  85 slime creatures
  2 dragon skeletons
  An eye of devastation (Slime:6)
  3 wolf spiders
  A spectral guardian serpent (Crypt:5)
  2 griffon skeletons
  3 elephants
  An iron devil (Elf:5)
  2 hill giant zombies
  A feature mimic (Vault:7)
  11 spiny frogs
  A black mamba zombie (Crypt:3)
  8 mermaids
  4 small abominations
  7 rock trolls
  103 guardian mummies
  69 ugly things
  A troll (shapeshifter) (D:25)
  A queen ant zombie (Crypt:1)
  An efreet (Vault:1)
  A hell beast (D:16)
  3 hellwings
  20 spriggans (D:27)
  4 wandering mushrooms
  A queen bee (Elf:4)
  A redback (Vault:6)
  2 rock troll zombies
  2 agate snail zombies
  A deep troll zombie (Vault:7)
  2 raven zombies
  2 silent spectres
  4 komodo dragons
  6 trolls
  2 smoke demons
  6 bog mummies
  27 two-headed ogres
  A komodo dragon (shapeshifter) (D:26)
  A baby alligator zombie (Crypt:5)
  4 rock troll skeletons
  7 snapping turtles
  2 trapdoor spider simulacra (Tomb:1)
  3 deep troll skeletons
  9 brown oozes
  3 baby alligators (Swamp:5)
  5 vampires
  2 red wasp simulacra
  2 snapping turtle skeletons
  2 giant fireflies (D:27)
  15 blink frogs
  4 swamp dragon zombies
  A demonic crawler (Vault:5)
  A lindwurm zombie (Crypt:1)
  4 hairy devils
  7 basilisks
  2 wyverns
  4 blue devils
  5 bumblebees (D:26)
  6 wraiths
  2 ynoxinuls
  A fire elemental (D:24)
  34 yaks
  12 hippogriffs
  Eustachio (D:5)
  3 sharks
  16 deep elf conjurers
  3 hungry ghosts
  A blink frog skeleton (D:23)
  6 golden eyes
  3 chaos spawn
  22 vampire mosquitoes
  A komodo dragon zombie (Crypt:5)
  37 merfolk
  8 water elementals (Shoals:5)
  25 deep elf fighters
  3 item mimics
  2 clay golems (Port)
  14 manticores
  2 yaktaur zombies
  2 fire drakes
  A mermaid zombie (Crypt:3)
  A soldier ant (D:15)
  A merfolk (shapeshifter) (D:27)
  A hog skeleton (Crypt:4)
  16 deep elf summoners
  A mottled dragon (D:15)
  A neqoxec (Tomb:1)
  2 lava fish (D:22)
  3 war dogs
  4 elf simulacra (Port)
  A manticore (shapeshifter) (D:25)
  7 hell hounds
  2 rock worms (Vault:1)
  A giant slug zombie (Vault:2)
  A black bear (Lair:1)
  59 swamp worms
  10 freezing wraiths
  17 insubstantial wisps
  A komodo dragon skeleton (Lair:7)
  2 wyvern skeletons
  20 necrophages
  A rock worm zombie (Vault:2)
  A yaktaur skeleton (Vault:5)
  A yellow wasp (shapeshifter) (D:19)
  A cyclops skeleton (Crypt:3)
  11 ice beasts
  4 sky beasts
  A redback simulacrum (D:19)
  2 kobold demonologists (D:19)
  A manticore skeleton (Crypt:3)
  17 deep elf priests
  5 tengu (Swamp:3)
  11 giant goldfish
  46 ogres
  14 phantoms
  A red devil (Zot:5)
  48 orc warriors
  4 swamp worm zombies (Swamp:5)
  A polar bear zombie (Elf:1)
  A yak zombie (D:21)
  30 centaurs
  2 yellow wasps
  A boring beetle (shapeshifter) (Vault:6)
  A centaur (shapeshifter) (D:23)
  A troll skeleton (Vault:1)
  A hippogriff skeleton (Crypt:3)
  3 rotting devils
  5 swamp drakes
  2 yak skeletons
  4 boring beetles
  A centaur zombie (Crypt:1)
  8 crocodiles
  15 deep elf magi
  A hog simulacrum (Crypt:5)
  A brain worm (D:19)
  2 big kobolds
  2 wargs
  20 giant frogs
  A water moccasin zombie (Crypt:5)
  2 giant leeches (Swamp:1)
  7 giant slugs
  2 wolves (D:27)
  A wolf skeleton (Crypt:1)
  5 water moccasins
  A yellow wasp zombie (Crypt:5)
  10 agate snails
  A centaur skeleton (Crypt:5)
  A war dog skeleton (Lair:3)
  A basilisk zombie (D:15)
  A soldier ant zombie (D:8)
  A warg skeleton (Tomb:3)
  A warg zombie (Orc:4)
  6 basilisk skeletons
  A two-headed ogre skeleton (Crypt:5)
  A water moccasin skeleton (D:23)
  A draconian simulacrum (Port)
  2 troll simulacra (Port)
  20 wights
  6 eyes of draining
  4 boulder beetles
  A yak simulacrum (Port)
  78 killer bees
  6 jellyfish (Elf:2)
  A pulsating lump (shapeshifter) (Vault:2)
  4 killer bee zombies
  A pulsating lump (Slime:4)
  3 quasits
  A mottled dragon skeleton (Crypt:4)
  5 goliath beetles
  3 wolf simulacra (Port)
  A basilisk simulacrum (D:19)
  5 big kobold skeletons
  A big kobold zombie (D:9)
  A demigod skeleton (Crypt:3)
  An ogre skeleton (Crypt:2)
  7 big fish
  3 scorpions
  A hound skeleton (D:23)
  16 shadows
  25 orc priests
  11 crimson imps
  8 hounds
  A hound zombie (D:11)
  4 iguanas
  2 orange rats
  8 worker ants
  6 iron imps
  40 orc wizards
  8 porcupines
  21 sheep
  34 deep elf soldiers
  A spectral orc (Shoals:2)
  2 spectral swamp drakes (Swamp:5)
  A worker ant zombie (Crypt:3)
  4 ogre simulacra (Port)
  3 swamp drake zombies (Swamp:5)
  A big fish zombie (Swamp:5)
  10 boggarts
  8 jellies
  A steam dragon skeleton (Elf:1)
  2 naga simulacra (Port)
  21 flying skulls
  3 goliath beetle zombies
  35 mummies
  18 adders
  2 gnolls
  A green rat (shapeshifter) (D:16)
  6 giant centipedes
  75 green rats
  4 lemures
  A midge (Elf:1)
  A halfling skeleton (Crypt:3)
  An iguana zombie (Crypt:3)
  A sheep skeleton (Vault:3)
  3 adder skeletons
  An adder zombie (Crypt:1)
  A halfling zombie (Crypt:3)
  4 shadow imps
  3 giant mites
  8 white imps
  7 worms
  26 ufetubi
  6 grey rats
  3 bat skeletons
  A bat zombie (Swamp:1)
  6 giant eyeballs
  A giant eyeball (shapeshifter) (D:20)
  A green rat skeleton (Lair:8)
  7 giant geckos
  A giant mite zombie (Crypt:3)
  A gnoll skeleton (Crypt:5)
  2 oozes
  142 orcs
  10 giant cockroaches
  19 hobgoblins
  24 jackals
  An ant larva zombie (Crypt:5)
  3 ball pythons
  55 bats
  12 giant newts
  4 giant spores
  23 goblins
  A goblin skeleton (Tomb:2)
  A goblin zombie (Crypt:4)
  A human simulacrum (Port)
  An illusory rakshasa (D:18)
  A jackal skeleton (Crypt:2)
  A kobold (shapeshifter) (Vault:5)
  28 kobolds
  An orc simulacrum (Port)
  3 orc skeletons
  8 orc zombies
  10 quokkas
  A quokka zombie (D:10)
  29 rats
  A rat skeleton (Swamp:1)
  A rat zombie (D:25)
  8 ballistomycetes
  A butterfly (Shoals:2)
  2 crawling corpses (Zot:1)
  4 fungi
  12 plants
  3 tentacles (Shoals:2)
  7 toadstools
2911 creatures vanquished.

Vanquished Creatures (collateral kills)
  Norris (D:19)
  A lich (Vault:8)
  A shadow dragon (Vault:8)
  A storm dragon (Vault:8)
  Frances (D:19)
  A bone dragon (D:23)
  Wiglaf (D:18)
  Louise (Vault:1)
  Gastronok (D:8)
  A fire giant (D:25)
  5 stone giants
  A deep elf annihilator (Vault:8)
  4 dire elephants (Lair:8)
  Snorg (D:19)
  3 yaktaur captains
  An anaconda (Lair:8)
  A minotaur (Lab)
  4 hydras
  2 ogre magi
  A merfolk impaler (Shoals:5)
  A deep troll (Vault:8)
  A dancing weapon (D:27)
  A fire giant skeleton (Vault:3)
  5 stone giant skeletons
  4 centaur warriors
  8 skeletal warriors
  A flayed ghost (D:25)
  A soul eater (Vault:5)
  2 deep elf knights
  A sea snake (Shoals:1)
  3 hill giants
  A giant amoeba (D:17)
  An orc sorcerer (Orc:4)
  An elf (shapeshifter) (D:20)
  3 orc knights
  2 harpies (Shoals:3)
  A hellion (Vault:8)
  A spiny worm (D:20)
  A red wasp (D:19)
  8 cyclopes
  A human (shapeshifter) (D:17)
  A feature mimic (Tomb:1)
  2 yaktaurs
  A trapdoor spider (D:18)
  18 slime creatures
  A spiny worm zombie (D:18)
  2 orange demons
  A wolf spider (Vault:1)
  2 guardian mummies (Tomb:1)
  2 elephants (Lair:8)
  A hill giant skeleton (D:25)
  A komodo dragon (Lair:3)
  A spriggan (D:27)
  12 ugly things
  A wandering mushroom (Lair:6)
  A snapping turtle (Shoals:1)
  7 blink frogs
  2 two-headed ogres
  A baby alligator (Swamp:5)
  A swamp dragon zombie (Swamp:5)
  A blue devil (D:21)
  A spectral swamp dragon (Swamp:5)
  2 fire elementals (D:24)
  6 vampire mosquitoes
  14 yaks
  2 hippogriffs
  Grum (D:8)
  4 war dogs
  2 water elementals (Shoals:5)
  2 deep elf fighters
  A ynoxinul (D:19)
  A necrophage (Tomb:1)
  3 merfolk
  A deep elf summoner (Elf:1)
  A mottled dragon (Vault:1)
  5 swamp worms
  A giant slug zombie (D:20)
  2 elf simulacra (Port)
  2 manticores (Shoals:3)
  An agate snail simulacrum (Vault:4)
  6 freezing wraiths (Port)
  A deep elf priest (D:18)
  2 ice beasts
  A yaktaur skeleton (D:19)
  A sky beast (D:8)
  4 phantoms (Swamp:5)
  3 cyclops skeletons
  7 orc warriors
  5 ogres
  A swamp drake (Swamp:1)
  A red devil (D:21)
  16 insubstantial wisps
  A giant goldfish (Swamp:5)
  2 crocodiles
  An ogre (shapeshifter) (D:23)
  8 centaurs
  3 deep elf magi
  A giant slug (shapeshifter) (Vault:8)
  A boring beetle zombie (D:22)
  4 giant frogs
  4 giant slugs
  3 wargs
  2 giant leeches
  12 killer bees
  2 boulder beetles
  4 sheep
  A brain worm zombie (D:15)
  A goliath beetle (D:15)
  4 wights (D:11)
  3 hounds
  4 crimson imps (D:22)
  An iron imp (Elf:1)
  2 big kobold skeletons
  4 orc priests (Orc:4)
  An iguana (Lair:1)
  3 orc wizards
  4 deep elf soldiers
  A draconian simulacrum (Port)
  An orange rat (Elf:1)
  A spectral swamp drake (Swamp:5)
  A porcupine (Lair:3)
  An ogre simulacrum (Port)
  2 jellies
  4 adders
  6 flying skulls
  12 green rats
  A midge (Elf:1)
  A human simulacrum (Port)
  6 white imps (Port)
  7 ufetubi
  5 grey rats
  32 orcs
  A hobgoblin (D:18)
  3 kobolds
  11 bats
  An illusory rakshasa (D:17)
  3 orc zombies (Orc:4)
  2 quokka skeletons (D:23)
  3 rats
  A ballistomycete (D:10)
  A bush (D:18)
  A butterfly (Shoals:4)
  A crawling corpse (Vault:3)
  3 plants
  2 toadstools
430 creatures vanquished.

Vanquished Creatures (others)
  A titan skeleton (Vault:8)
  2 storm dragon zombies (Vault:8)
  A storm dragon skeleton (Vault:8)
  A fire giant zombie (D:26)
  A frost giant zombie (D:26)
  4 sphinx skeletons (Tomb:1)
  5 stone giant zombies
  A frost giant skeleton (D:27)
  A fire giant skeleton (D:25)
  4 hell knights (D:26)
  2 stone giant skeletons (Vault:8)
  A deep elf knight (Elf:5)
  10 yaktaur zombies
  2 death yak zombies (Lair:8)
  3 hydra zombies
  2 harpy zombies
  A minotaur zombie (D:17)
  A red wasp zombie (D:19)
  2 harpy skeletons (Shoals:5)
  2 wolf spider zombies
  A siren skeleton (Shoals:3)
  An ettin zombie (D:27)
  A griffon skeleton (D:19)
  7 wolf spiders
  2 spriggan zombies (D:27)
  A rock troll (D:15)
  2 spriggan skeletons (D:27)
  6 ugly things
  3 elf skeletons
  2 agate snail zombies
  6 human zombies
  A deep troll zombie (Vault:8)
  3 rock troll zombies
  A two-headed ogre (D:15)
  A spiny frog zombie (Swamp:5)
  3 baby alligator zombies (Swamp:5)
  8 merfolk zombies
  A baby alligator skeleton (Swamp:5)
  4 spiny frog skeletons
  An elephant zombie (Lair:8)
  A blink frog skeleton (Lair:5)
  2 human skeletons
  A vampire (Tomb:1)
  2 merfolk skeletons
  A komodo dragon zombie (D:17)
  2 mermaid zombies
  A giant slug zombie (Vault:6)
  3 cyclops zombies
  12 vampire mosquitoes
  3 manticore zombies
  12 yaktaur skeletons
  A wyvern skeleton (D:13)
  8 yellow wasps
  3 troll zombies
  A swamp worm zombie (Swamp:1)
  A giant goldfish zombie (Swamp:5)
  3 hippogriff zombies
  5 yak zombies
  3 yak skeletons
  3 centaurs
  2 ogres (D:20)
  A boulder beetle zombie (D:25)
  2 war dog skeletons
  4 giant frog zombies
  A yellow wasp zombie (Vault:5)
  24 elf zombies
  5 giant frog skeletons
  A soldier ant zombie (D:15)
  2 basilisk zombies
  7 centaur zombies
  16 centaur skeletons
  2 giant frogs
  9 two-headed ogre zombies
  2 water moccasin skeletons
  2 warg zombies
  An orc priest (Elf:4)
  2 two-headed ogre skeletons (Vault:7)
  26 killer bees
  7 killer bee zombies
  A big kobold zombie (D:17)
  18 ogre zombies
  3 goliath beetles
  An iguana skeleton (Lair:2)
  5 crocodile skeletons
  3 ogre skeletons
  34 worker ants
  A hound zombie (Vault:3)
  2 hound skeletons
  9 scorpions
  A deep elf soldier (Elf:5)
  2 swamp drake zombies (Swamp:5)
  3 kobold zombies
  2 big fish skeletons (Swamp:5)
  A boggart (D:18)
  A mummy (Tomb:2)
  A scorpion zombie (D:23)
  A giant centipede zombie (D:16)
  A lemure (Elf:1)
  3 sheep skeletons
  A sheep zombie (Shoals:4)
  4 adder skeletons
  An adder zombie (Vault:3)
  2 giant centipedes
  6 worms
  A porcupine skeleton (Lair:3)
  4 green rat zombies (Lair:8)
  A bat skeleton (Lair:2)
  3 bat zombies
  3 green rat skeletons
  3 orcs
  A grey rat (Tomb:1)
  A jackal (D:13)
  3 kobolds (Vault:1)
  2 giant gecko skeletons
  A giant spore (D:13)
  A goblin skeleton (D:19)
  2 goblin zombies
  A hobgoblin skeleton (D:13)
  A hobgoblin zombie (Orc:4)
  A jackal skeleton (Lair:3)
  25 orc skeletons
  80 orc zombies
  2 quokka skeletons
  A quokka zombie (Vault:3)
  A rat (D:25)
  2 rat zombies
  4 butterflies
  A crawling corpse (Vault:3)
  A fungus (Lair:3)
  9 plants
  14 tentacles
  528 tentacle segments
  133 toadstools
1223 creatures vanquished.

Grand Total: 4564 creatures vanquished

Notes
Turn   | Place    | Note
--------------------------------------------------------------
     0 | D:1      | bmfx, the Centaur Ice Elementalist, began the quest for the Orb.
     0 | D:1      | Reached XP level 1. HP: 14/14 MP: 3/3
   231 | D:1      | Reached skill level 1 in Fighting
   415 | D:1      | Reached XP level 2. HP: 15/20 MP: 4/4
   612 | D:2      | Reached skill level 1 in Unarmed Combat
   903 | D:2      | Reached XP level 3. HP: 23/26 MP: 0/6
  1280 | D:2      | Reached skill level 3 in Unarmed Combat
  1607 | D:3      | Found a basalt altar of Yredelemnul.
  1763 | D:3      | Reached XP level 4. HP: 19/34 MP: 5/6
  2267 | D:4      | Found a glowing drain.
  2280 | D:4      | Reached skill level 1 in Throwing 2304
                  | sewer
                  | Entered the sewers
  2790 | D:4      | Reached XP level 5. HP: 32/40 MP: 5/8
  2917 | D:4      | Reached skill level 4 in Unarmed Combat
  3069 | D:5      | Entered Level 5 of the Dungeon
  3228 | D:5      | Noticed Eustachio
  3436 | D:5      | Found Chomeack's Antique Armour Shoppe.
  3451 | D:5      | Bought a shiny helmet for 70 gold pieces
  3542 | D:5      | Reached XP level 6. HP: 21/47 MP: 5/10
  3729 | D:5      | Killed Eustachio
  3729 | D:5      | Reached skill level 5 in Unarmed Combat
  4157 | D:6      | Reached XP level 7. HP: 25/53 MP: 11/11
  4512 | D:6      | Found a staircase to the Ecumenical Temple.
  4747 | Temple   | Entered the Ecumenical Temple
  4755 | Temple   | Became a worshipper of Kikubaaqudgha
  4866 | D:6      | Learned a level 1 spell: Confusing Touch
  4887 | D:7      | Found an iron altar of Okawaru.
  5066 | D:7      | Found a staircase to the Orcish Mines.
  5246 | D:7      | Found a blossoming altar of Fedhas.
  5393 | D:7      | Reached skill level 6 in Unarmed Combat
  5393 | D:7      | Reached skill level 1 in Hexes
  5542 | D:8      | Noticed Grum
  5544 | D:8      | Noticed Mugar's ghost (experienced MiMo)
  5987 | D:9      | Reached XP level 8. HP: 49/61 MP: 10/13
  5992 | D:9      | Acquired Kikubaaqudgha's first power
  5992 | D:9      | Received a gift from Kikubaaqudgha
  5996 | D:9      | Learned a level 1 spell: Pain
  6015 | D:9      | Identified a +1 rod of summoning (13/13) (You found it on level 9 of the Dungeon)
  6437 | D:9      | Learned a level 3 spell: Regeneration
  6564 | D:7      | Reached skill level 5 in Fighting
  6564 | D:7      | Reached skill level 7 in Unarmed Combat
  6763 | D:7      | Learned a level 1 spell: Animate Skeleton
  6773 | D:8      | Reached skill level 1 in Charms
  6794 | D:8      | Killed Grum
  6797 | D:8      | Reached XP level 9. HP: 68/68 MP: 12/14
  6852 | D:8      | Noticed Maurice
  6867 | D:8      | Killed Maurice
  6887 | D:8      | Noticed Gastronok
  7050 | D:8      | Killed Gastronok
  7050 | D:8      | Reached skill level 8 in Unarmed Combat
  7265 | D:8      | Found a glowing silver altar of Zin.
  7290 | D:8      | Killed Mugar's ghost
  7290 | D:8      | Reached skill level 9 in Unarmed Combat
  7290 | D:8      | Reached skill level 5 in Necromancy
  7355 | D:10     | Entered Level 10 of the Dungeon
  7467 | D:10     | Reached XP level 10. HP: 47/75 MP: 12/15
  7685 | D:10     | Found Cahiat's Antique Weapon Boutique.
  7746 | D:10     | Reached skill level 10 in Unarmed Combat
  8251 | D:11     | Learned a level 3 spell: Confuse
  8456 | D:10     | Acquired Kikubaaqudgha's second power
  9078 | D:12     | Learned a level 3 spell: Flight
  9240 | D:11     | Reached skill level 11 in Unarmed Combat
  9390 | D:12     | Found a portal to a secret trove of treasure.
  9689 | D:12     | Reached skill level 5 in Spellcasting
  9934 | D:13     | Noticed Psyche
  9963 | D:13     | Killed Psyche
  9963 | D:13     | Reached XP level 11. HP: 82/82 MP: 19/21
 10028 | D:13     | Reached skill level 5 in Hexes
 10301 | D:13     | Noticed an agate snail
 10355 | D:13     | Killed an agate snail
 10400 | D:13     | Found a staircase to the Lair.
 10463 | D:13     | Noticed an agate snail
 10475 | D:13     | Killed an agate snail
 10569 | Lair:1   | Entered Level 1 of the Lair of Beasts
 10865 | Lair:1   | Found an iron altar of Okawaru.
 11114 | Lair:1   | Received a gift from Kikubaaqudgha
 11199 | Lair:1   | Reached skill level 12 in Unarmed Combat
 11237 | Lair:1   | Learned a level 2 spell: Sublimation of Blood
 11663 | Lair:3   | Acquired Kikubaaqudgha's third power
 11663 | Lair:3   | Received a gift from Kikubaaqudgha
 12564 | Lair:4   | Identified a scroll of acquirement
 12679 | Lair:4   | Acquired Kikubaaqudgha's fourth power
 12743 | Lair:4   | Reached skill level 1 in Traps & Doors
 12799 | Lair:4   | Found a staircase to the Shoals.
 12812 | Lair:4   | Reached skill level 13 in Unarmed Combat
 13054 | Lair:5   | Reached XP level 12. HP: 89/91 MP: 25/25
 13750 | Lair:6   | Found an iron altar of Okawaru.
 13813 | Lair:6   | Noticed a wandering mushroom
 13825 | Lair:6   | Killed a wandering mushroom
 14591 | Lair:7   | Reached skill level 14 in Unarmed Combat
 14627 | Lair:7   | Found a basalt altar of Yredelemnul.
 14763 | Lair:8   | Entered Level 8 of the Lair of Beasts
 14823 | Lair:8   | Found a frozen archway.
 14848 | IceCv    | Entered an ice cave
 14881 | IceCv    | Learned a level 4 spell: Animate Dead
 14920 | IceCv    | Learned a level 4 spell: Control Undead
 15442 | IceCv    | Found an ancient bone altar of Kikubaaqudgha.
 16295 | Lair:7   | Learned a level 3 spell: Ozocubu's Armour
 16630 | Lair:8   | Reached XP level 13. HP: 79/99 MP: 21/27
 16756 | Lair:8   | Reached skill level 15 in Unarmed Combat
 16829 | Lair:8   | Got a red leather armour
 16837 | Lair:8   | Identified the +3 salamander hide armour (You found it on level 8 of the Lair of Beasts)
 16903 | Lair:8   | Reached skill level 1 in Shields
 16937 | Lair:8   | Learned a level 3 spell: Recall
 17012 | Lair:8   | Reached skill level 1 in Summonings
 17103 | Lair:8   | Found a viscous altar of Jiyva.
 17103 | Lair:8   | Found a staircase to the Slime Pits.
 17474 | Lair:2   | Found a staircase to the Swamp.
 17636 | D:14     | Entered Level 14 of the Dungeon
 17986 | D:15     | Entered Level 15 of the Dungeon
 18036 | D:15     | Reached skill level 1 in Evocations
 18082 | D:15     | Noticed Jozef
 18151 | D:15     | Killed Jozef
 18384 | D:15     | Noticed Harold
 18409 | D:15     | Killed Harold
 18452 | D:15     | Found a shimmering altar of Xom.
 18567 | D:15     | Noticed Rupert
 19021 | D:16     | Reached skill level 1 in Armour
 19697 | D:17     | Found a labyrinth entrance.
 19702 | Lab      | Entered a Labyrinth
 20495 | Lab      | Got a fine robe
 20510 | Lab      | Identified the +2 robe "Pnaes" (You found it in a Labyrinth)
 20556 | D:17     | Reached skill level 5 in Charms
 20883 | D:16     | Reached XP level 14. HP: 81/110 MP: 17/29
 20963 | D:18     | Noticed Mara
 21121 | D:16     | Reached skill level 16 in Unarmed Combat
 21607 | Temple   | Received a gift from Kikubaaqudgha
 21685 | Orc:1    | Entered Level 1 of the Orcish Mines
 22115 | Orc:3    | Found a staircase to the Elven Halls.
 22207 | Orc:3    | Found a dark tunnel.
 22212 | Volcano  | Entered a volcano
 22471 | Volcano  | Found a bloodstained altar of Trog.
 22764 | Orc:4    | Entered Level 4 of the Orcish Mines
 22764 | Orc:4    | Found a roughly hewn altar of Beogh.
 23077 | Orc:4    | Found Thouja's Distillery.
 23127 | Orc:4    | Bought a potion of brilliance for 30 gold pieces
 23253 | Orc:4    | Noticed an orc high priest
 23512 | Orc:4    | Killed an orc high priest
 23610 | Orc:4    | Noticed an orc high priest
 23634 | Orc:4    | Noticed Izamaja's ghost (powerful MiBe)
 23689 | Orc:4    | Killed Izamaja's ghost
 23750 | Orc:4    | Noticed an orc high priest
 23812 | Orc:4    | Noticed a two-headed ogre
 23828 | Orc:3    | Killed a two-headed ogre
 23862 | Orc:4    | Killed an orc high priest
 23966 | Orc:4    | Reached skill level 10 in Fighting
 24003 | Orc:4    | Noticed an orc warlord
 24218 | Orc:3    | Killed an orc warlord
 24628 | Orc:4    | Killed an orc high priest
 24712 | Orc:4    | Noticed an orc high priest
 24787 | Orc:4    | Killed an orc high priest
 24896 | Orc:4    | Noticed an orc high priest
 24914 | Orc:4    | Killed an orc high priest
 24977 | Orc:4    | Found Plusautt's General Store.
 24979 | Orc:4    | Found Fudiblis' Book Shop.
 24980 | Orc:4    | Found Buekh's Antique Armour Shop.
 24980 | Orc:4    | Found Jeod's Antique Weapon Boutique.
 25001 | Orc:4    | Bought a book of Spatial Translocations for 975 gold pieces
 25001 | Orc:4    | Bought a book of Air for 525 gold pieces
 25008 | Orc:4    | Learned a level 2 spell: Repel Missiles
 25011 | Orc:4    | Learned a level 2 spell: Blink
 25546 | Orc:3    | Reached skill level 1 in Translocations
 25608 | Orc:4    | Bought a book of Enchantments for 750 gold pieces
 25853 | D:15     | Found a staircase to the Vaults.
 25853 | D:15     | Noticed a stone giant
 25869 | D:15     | Killed a stone giant
 25885 | Vault:1  | Entered Level 1 of the Vaults
 26364 | Vault:1  | Reached skill level 17 in Unarmed Combat
 26571 | Vault:1  | Found a white marble altar of Elyvilon.
 26584 | Vault:1  | Reached XP level 15. HP: 118/118 MP: 30/30
 26668 | Vault:2  | Learned a level 1 spell: Fulsome Distillation
 26831 | Vault:2  | Noticed a pulsating lump
 26850 | Vault:2  | Killed a pulsating lump
 26941 | Vault:2  | Reached skill level 10 in Charms
 27079 | Vault:2  | Learned a level 1 spell: Apportation
 27126 | Vault:2  | Found a staircase to the Crypt.
 27379 | Vault:2  | Noticed Saint Roka
 27414 | Vault:2  | Noticed Louise
 27449 | Vault:1  | Killed Louise
 27677 | Vault:2  | Killed Saint Roka
 27677 | Vault:2  | Reached skill level 10 in Spellcasting
 28096 | Vault:3  | Reached skill level 18 in Unarmed Combat
 28328 | Vault:3  | Noticed Aizul
 28378 | Vault:3  | Killed Aizul
 28495 | Vault:3  | Noticed a deep elf conjurer
 28497 | Vault:3  | Noticed a deep elf priest
 28509 | Vault:3  | Noticed a deep elf summoner
 28521 | Vault:3  | Killed a deep elf conjurer
 28528 | Vault:3  | Killed a deep elf summoner
 28532 | Vault:3  | Killed a deep elf priest
 28641 | Vault:3  | Found Foamuef's Distillery.
 28884 | Vault:4  | Found Deir's Magic Scroll Boutique.
 28902 | Vault:4  | Bought a scroll of teleportation for 66 gold pieces
 29063 | Vault:4  | Learned a level 2 spell: Evaporate
 29193 | Vault:4  | Found a glowing silver altar of Zin.
 29541 | Vault:4  | Reached XP level 16. HP: 58/127 MP: 27/31
 29592 | Vault:4  | Reached skill level 19 in Unarmed Combat
 29921 | Vault:5  | Noticed a shining eye
 30240 | Vault:6  | Noticed Margery
 30284 | Vault:6  | Found a staircase to the Hall of Blades.
 30430 | Vault:6  | Noticed Boris
 30539 | Vault:5  | Paralysed by a red wasp for 1 turns
 31240 | D:18     | Noticed Wiglaf
 31275 | D:18     | Killed Wiglaf
 31275 | D:18     | Reached skill level 20 in Unarmed Combat
 31447 | D:18     | Reached skill level 1 in Fire Magic
 31480 | D:19     | Noticed Snorg
 31538 | D:18     | Noticed a deep elf priest
 31574 | D:18     | Noticed a deep elf priest
 31575 | D:18     | Killed a deep elf priest
 31585 | D:18     | Killed a deep elf priest
 31923 | D:19     | Noticed Frances
 31960 | D:19     | Killed Frances
 32197 | D:19     | Killed Snorg
 32346 | D:19     | Noticed Norris
 32385 | D:19     | Killed Norris
 32494 | D:19     | Found Qaok's Magic Scroll Boutique.
 32589 | D:19     | Bought a scroll of teleportation for 48 gold pieces
 32685 | D:20     | Entered Level 20 of the Dungeon
 33120 | D:20     | Reached skill level 5 in Fire Magic
 33170 | D:20     | Reached XP level 17. HP: 126/134 MP: 13/32
 33615 | D:21     | Reached skill level 5 in Transmutations
 33617 | D:21     | Noticed a shining eye
 33617 | D:21     | a draconian changed into a shining eye
 33627 | D:21     | Gained mutation: Your vision is a little blurry.
 33629 | D:21     | Killed a shining eye
 33810 | D:21     | Found a gateway to Hell.
 34072 | D:21     | Gained mutation: You evolve.
 34072 | D:21     | Gained mutation: Your mind is acute (Int +1).
 34073 | D:21     | Gained mutation: Your vision is quite blurry.
 34073 | D:21     | Gained mutation: Your spells are a little harder to cast, but a little more powerful.
 34073 | D:21     | Gained mutation: Your body is slowly deteriorating.
 34172 | D:21     | Lost mutation: Your vision is quite blurry.
 34172 | D:21     | Lost mutation: Your vision is a little blurry.
 34172 | D:21     | Lost mutation: Your body is slowly deteriorating.
 34172 | D:21     | Lost mutation: Your spells are a little harder to cast, but a little more powerful.
 34172 | D:21     | Lost mutation: Your mind is acute (Int +1).
 34266 | D:22     | Gained mutation: You are resistant to hostile enchantments.
 34324 | D:22     | Found Xatudgh's Magic Scroll Shoppe.
 34359 | D:22     | Bought a scroll of blinking for 93 gold pieces
 34678 | D:22     | Learned a level 6 spell: Haste
 34865 | D:22     | Gained mutation: Your muscles are strong (Str +1).
 34867 | D:22     | Found a one-way gate leading to the halls of Pandemonium.
 35164 | D:22     | Noticed Xtahua
 35254 | D:22     | Killed Xtahua
 35254 | D:22     | Paralysed by a sphinx for 4 turns
 35368 | D:23     | Got a rare book
 35369 | D:23     | Identified Damug's Grimoire of Torrid Arcane Weapons (You found it on level 23 of the Dungeon)
 35682 | D:23     | Found Qaequyg's Assorted Antiques.
 36208 | D:23     | Reached XP level 18. HP: 123/141 MP: 21/33
 36382 | D:23     | Noticed a bone dragon
 36423 | D:23     | Killed a bone dragon
 36537 | D:23     | Noticed a bone dragon
 36558 | D:23     | Killed a bone dragon
 36573 | D:23     | Reached skill level 5 in Translocations
 37348 | D:24     | Noticed a fire elemental
 37348 | D:24     | Noticed a fire elemental
 37349 | D:24     | Noticed a fire elemental
 37368 | D:24     | Killed a fire elemental
 37370 | D:24     | Killed a fire elemental
 37374 | D:25     | Entered Level 25 of the Dungeon
 37711 | D:25     | Found a one-way gate to the infinite horrors of the Abyss.
 38249 | D:25     | Reached skill level 10 in Transmutations
 38481 | D:26     | Noticed tsouns' ghost (awesomely powerful HaBe)
 38791 | D:22     | Bought a scroll of amnesia for 93 gold pieces
 38799 | D:22     | Learned a level 5 spell: Dispel Undead
 39038 | D:26     | Reached skill level 10 in Fire Magic
 39353 | D:26     | Reached XP level 19. HP: 116/148 MP: 17/34
 39610 | D:26     | Killed tsouns' ghost
 39633 | D:27     | Entered Level 27 of the Dungeon
 39753 | D:27     | Found a flickering gateway to a bazaar. 39758
                  | bazaar
                  | Entered a bazaar 39765
                  | bazaar
                  | Found Kleppid's Antique Weapon Shoppe. 39776
                  | bazaar
                  | Found Ytiriu's Antique Weapon Emporium. 39784
                  | bazaar
                  | Found Lagal's Antique Armour Shoppe. 39789
                  | bazaar
                  | Bought a runed cloak for 26 gold pieces 39789
                  | bazaar
                  | Bought a shiny helmet for 65 gold pieces 39789
                  | bazaar
                  | Bought an embroidered robe for 18 gold pieces 39819
                  | bazaar
                  | Identified a +1 cloak of preservation (You bought it in a shop in a bazaar) 39827
                  | bazaar
                  | Found Wyaromue's Antique Armour Emporium. 39832
                  | bazaar
                  | Bought a runed elven cloak for 28 gold pieces 39832
                  | bazaar
                  | Bought a smoking shield for 228 gold pieces 39847
                  | bazaar
                  | Identified the +1 shield of the Grey Skies (You bought it in a shop in a bazaar)
 40124 | D:27     | Noticed a hand axe
 40131 | D:27     | Killed a hand axe
 40499 | D:27     | Noticed Mennas
 40675 | D:22     | Bought a scroll of enchant weapon III for 340 gold pieces
 40744 | D:21     | Reached skill level 5 in Traps & Doors 41066
                  | trove
                  | Entered a treasure trove 41137
                  | trove
                  | Got a sparkling brass amulet
 41179 | D:12     | Identified the amulet "Shotse Gher" (You found it in a treasure trove)
 41295 | Swamp:1  | Entered Level 1 of the Swamp
 43585 | Swamp:4  | Got an engraved book
 43586 | Swamp:4  | Identified the Volume of Hexes and the Snowflakes (You found it on level 4 of the Swamp)
 44016 | Swamp:5  | Entered Level 5 of the Swamp
 44420 | Swamp:5  | Paralysed by a red wasp for 2 turns
 45070 | Swamp:5  | Got a decaying rune of Zot
 45383 | Lair:1   | Learned a level 7 spell: Dragon Form
 45474 | Shoals:1 | Entered Level 1 of the Shoals
 45528 | Shoals:1 | Got a jade amulet
 45537 | Shoals:1 | Identified the amulet of the Four Winds (You found it on level 1 of the Shoals)
 45782 | Shoals:1 | Found Araimn's Magic Scroll Emporium.
 45791 | Shoals:1 | Bought a scroll of teleportation for 57 gold pieces
 45791 | Shoals:1 | Bought a scroll of blinking for 104 gold pieces
 45791 | Shoals:1 | Bought a scroll of enchant armour for 104 gold pieces
 45905 | Shoals:2 | Noticed Nikola
 45920 | Shoals:2 | Killed Nikola
 46002 | Shoals:2 | Found Magguad's Antique Weapon Boutique.
 46004 | Shoals:2 | Noticed Nergalle
 46012 | Shoals:2 | Killed Nergalle
 46189 | Shoals:2 | Identified a +0 rod of warding (11/11) (You found it on level 2 of the Shoals)
 46524 | Shoals:3 | Reached XP level 20. HP: 143/157 MP: 23/35
 47015 | Shoals:4 | Reached XP level 19. HP: 194/222 MP: 16/34
 47049 | Shoals:4 | Reached XP level 20. HP: 157/157 MP: 16/35
 47405 | Shoals:5 | Entered Level 5 of the Shoals
 47571 | Shoals:5 | Noticed Donald
 47589 | Shoals:5 | Killed Donald
 47813 | Shoals:5 | Noticed Ilsuiw
 48008 | Shoals:5 | Killed Ilsuiw
 48299 | Shoals:5 | Reached XP level 19. HP: 125/148 MP: 16/34
 48301 | Shoals:5 | Reached XP level 20. HP: 132/157 MP: 17/35
 48342 | Shoals:5 | Got a barnacled rune of Zot
 48414 | Shoals:5 | Found an iron altar of Okawaru.
 48656 | Lair:1   | Learned a level 4 spell: Control Teleport
 48810 | Elf:1    | Entered Level 1 of the Elven Halls
 49021 | Elf:1    | Noticed Josephine
 49034 | Elf:1    | Reached XP level 19. HP: 221/222 MP: 17/34
 49038 | Elf:1    | Killed Josephine
 49147 | Elf:1    | Reached XP level 20. HP: 157/157 MP: 29/35
 49223 | Elf:1    | Your ally Josephine died
 49432 | Elf:2    | Noticed Joseph
 49449 | Elf:2    | Killed Joseph
 50082 | Elf:3    | Found Puxeuqog's General Store.
 50105 | Elf:3    | Bought a scroll of teleportation for 54 gold pieces
 50105 | Elf:3    | Bought a scroll of teleportation for 54 gold pieces
 50105 | Elf:3    | Bought a scroll of teleportation for 54 gold pieces
 50105 | Elf:3    | Bought a scroll of recharging for 99 gold pieces
 50308 | Elf:3    | Found Khamag's General Store.
 50617 | Elf:4    | Killed an orc priest
 50674 | Elf:5    | Entered Level 5 of the Elven Halls
 51833 | Elf:5    | Gained mutation: You are dopey (Int -1).
 52169 | Elf:5    | Noticed a deep elf blademaster
 52182 | Elf:5    | Killed a deep elf blademaster
 52663 | Elf:5    | Noticed a deep elf master archer
 52693 | Elf:5    | Killed a deep elf master archer
 53262 | Elf:5    | Noticed a deep elf blademaster
 53275 | Elf:5    | Killed a deep elf blademaster
 53290 | Elf:5    | Noticed a deep elf master archer
 53306 | Elf:5    | Killed a deep elf master archer
 53554 | Elf:5    | Got a brightly glowing mace
 53556 | Elf:5    | Got a glistering book
 53559 | Elf:5    | Identified the mace of Brilliance {holy, rN+ AC+5 Int+5 SInv Stlth-} (You found it on level 5 of the Elven Halls)
 53560 | Elf:5    | Identified the Papyrus of Sinister Attacks (You found it on level 5 of the Elven Halls)
 53562 | Elf:5    | Got a conspicuous book
 53563 | Elf:5    | Identified the Disquisition on Helpful Curses (You found it on level 5 of the Elven Halls)
 53570 | Elf:5    | Got a shimmering ruby amulet
 53581 | Elf:5    | Got a glistering book
 53582 | Elf:5    | Identified the Almanac of Existentialism (You found it on level 5 of the Elven Halls)
 53584 | Elf:5    | Got a heavily runed jade amulet
 53598 | Elf:5    | Got a shimmering tin ring
 53653 | Elf:5    | Identified the ring "Mouh" (You found it on level 5 of the Elven Halls)
 53655 | Elf:5    | Identified the amulet "Ewimul" (You found it on level 5 of the Elven Halls)
 53655 | Elf:5    | Identified the amulet "Grenonon" (You found it on level 5 of the Elven Halls)
 53840 | Elf:3    | Bought a scroll of identify for 36 gold pieces
 54119 | D:15     | Killed Rupert
 54404 | Vault:6  | Killed Margery
 54565 | Vault:6  | Noticed Agnes
 54579 | Vault:6  | Killed Agnes
 54635 | Vault:6  | Gained mutation: You possess an exceptional clarity of mind.
 54636 | Vault:6  | Gained mutation: You have an increased reservoir of magic (+10% MP).
 54637 | Vault:6  | Gained mutation: You are frail (-10% HP).
 54654 | Vault:6  | Gained mutation: You have a very fast metabolism.
 54881 | Vault:6  | Killed Boris
 54929 | Vault:6  | Found Biurieph's Book Emporium.
 55911 | Vault:3  | Bought a potion of cure mutation for 455 gold pieces
 55911 | Vault:3  | Bought a potion of mutation for 39 gold pieces
 55914 | Vault:3  | Gained mutation: Your muscles are flexible, but weak (Str -1, Dex +1).
 55914 | Vault:3  | Gained mutation: You occasionally shout uncontrollably.
 55942 | Vault:3  | Gained mutation: You are clumsy (Dex -1).
 55942 | Vault:3  | Gained mutation: You have a pair of small antennae on your head.
 56021 | Vault:5  | Lost mutation: You are clumsy (Dex -1).
 56021 | Vault:5  | Lost mutation: You occasionally shout uncontrollably.
 56192 | D:18     | Gained mutation: Your vision is a little blurry.
 56192 | D:18     | Lost mutation: Your vision is a little blurry.
 56193 | D:18     | Gained mutation: Your muscles are very flexible, but weak (Str -2, Dex +2).
 56193 | D:18     | Lost mutation: Your muscles are very flexible, but weak (Str -2, Dex +2).
 56240 | D:20     | Lost mutation: You have a very fast metabolism.
 56340 | D:23     | Gained mutation: You have a somewhat thin skeletal structure (Dex +2, Str -1, Stlth).
 56455 | D:25     | Lost mutation: Your muscles are flexible, but weak (Str -1, Dex +1).
 56611 | D:24     | Killed a fire elemental
 56709 | D:21     | Gained mutation: Your body is slowly deteriorating.
 56711 | D:21     | Lost mutation: Your body is slowly deteriorating.
 56793 | D:21     | Gained mutation: You can translocate small distances at will.
 57086 | Swamp:3  | Lost mutation: You have a pair of small antennae on your head.
 57376 | D:5      | Lost mutation: You evolve.
 57376 | D:5      | Lost mutation: You are resistant to hostile enchantments.
 57377 | D:5      | Lost mutation: You have an increased reservoir of magic (+10% MP).
 57377 | D:5      | Lost mutation: You possess an exceptional clarity of mind.
 57377 | D:5      | Lost mutation: You are frail (-10% HP).
 57377 | D:5      | Lost mutation: You are dopey (Int -1).
 57651 | Crypt:1  | Entered Level 1 of the Crypt
 58212 | Crypt:2  | Got a crude marble ring
 59105 | Crypt:3  | Found a staircase to the Tomb.
 59232 | Crypt:3  | Gained mutation: You occasionally shout uncontrollably.
 59252 | Crypt:3  | Gained mutation: Your body is slowly deteriorating.
 59272 | Crypt:3  | Gained mutation: Your muscles are flexible, but weak (Str -1, Dex +1).
 59292 | Crypt:3  | Lost mutation: Your muscles are strong (Str +1).
 59658 | Crypt:3  | Reached skill level 15 in Transmutations
 59987 | Crypt:4  | Paralysed by a vampire knight for 4 turns
 60332 | Crypt:5  | Entered Level 5 of the Crypt
 60860 | Crypt:5  | Identified the ring "Qam Cyul" {Int+4} (You found it on level 2 of the Crypt)
 60989 | Crypt:5  | Reached XP level 21. HP: 160/165 MP: 36/36
 61141 | Crypt:5  | Reached skill level 15 in Fire Magic
 61292 | Crypt:5  | Noticed an ancient lich
 61292 | Crypt:5  | Noticed a lich
 61311 | Crypt:5  | Killed a lich
 61327 | Crypt:5  | Reached XP level 20. HP: 188/237 MP: 12/35
 61332 | Crypt:5  | Killed an ancient lich
 61332 | Crypt:5  | Reached XP level 21. HP: 139/165 MP: 13/36
 61332 | Crypt:5  | Reached XP level 20. HP: 128/237 MP: 12/35
 61451 | Crypt:5  | Got a blackened book
 61452 | Crypt:5  | Identified the Reference Book on Lightness and Buffs (You found it on level 5 of the Crypt)
 61456 | Crypt:5  | Got a shimmering granite ring
 61559 | Crypt:3  | Lost mutation: Your body is slowly deteriorating.
 61559 | Crypt:3  | Lost mutation: Your muscles are flexible, but weak (Str -1, Dex +1).
 61559 | Crypt:3  | Lost mutation: You have a somewhat thin skeletal structure (Dex +2, Str -1, Stlth).
 61559 | Crypt:3  | Lost mutation: You can translocate small distances at will.
 61559 | Crypt:3  | Lost mutation: You occasionally shout uncontrollably.
 61905 | Vault:8  | Entered Level 8 of the Vaults
 62018 | Vault:7  | Reached XP level 21. HP: 119/165 MP: 17/36
 62472 | Vault:7  | Reached skill level 21 in Unarmed Combat
 63095 | Vault:8  | Noticed a deep elf annihilator
 63099 | Vault:8  | Killed a deep elf annihilator
 63329 | Vault:8  | Noticed a deep elf sorcerer
 63350 | Vault:8  | Killed a deep elf sorcerer
 63404 | Vault:8  | Noticed a pulsating lump
 63404 | Vault:8  | a pulsating lump changed into a giant orange brain
 63556 | Vault:8  | Noticed a shining eye
 63660 | Vault:8  | Noticed a pulsating lump
 63665 | Vault:8  | a pulsating lump changed into a rock troll
 63735 | Vault:8  | Identified the ring "Romaaff" {+Inv +Lev} (You found it on level 5 of the Crypt)
 64357 | Vault:8  | Gained mutation: You are partially covered in rough black scales (AC +4, Dex -1).
 64861 | Vault:8  | Noticed a pulsating lump
 64865 | Vault:8  | Got a silver rune of Zot
 64866 | Vault:8  | a pulsating lump changed into a merfolk
 64890 | Vault:8  | Got a glistering book
 64891 | Vault:8  | Identified Pnegat's Papyrus of Bewitchment (You found it on level 8 of the Vaults)
 64898 | Vault:8  | Learned a level 5 spell: Silence
 64918 | Vault:8  | Noticed a bone dragon
 64934 | Vault:8  | Reached skill level 1 in Air Magic
 64940 | Vault:8  | Killed a bone dragon
 65047 | Vault:8  | Got a heavily runed ivory ring
 65048 | Vault:8  | Identified the ring "Komaeh" (You found it on level 8 of the Vaults)
 65091 | Vault:8  | Got an ancient leather armour
 65103 | Vault:8  | Identified the +2 leather armour of the Ditch-Digger (You found it on level 8 of the Vaults)
 65112 | Vault:8  | Got a round shield
 65121 | Vault:8  | Identified the +15 shield "Bullseye" (You acquired it on level 8 of the Vaults)
 65434 | Vault:8  | Found Faecvaot's Jewellery Shoppe.
 65434 | Vault:8  | Noticed an iron dragon
 65434 | Vault:8  | Noticed an ancient lich
 65540 | Vault:7  | Noticed a deep elf summoner
 65542 | Vault:7  | Noticed a deep elf priest
 65548 | Vault:7  | Killed a deep elf priest
 65567 | Vault:7  | Killed a deep elf summoner
 65690 | Vault:8  | Killed an ancient lich
 65699 | Vault:8  | Killed an iron dragon
 66192 | Vault:8  | Reached skill level 5 in Air Magic
 66453 | Tomb:1   | Entered Level 1 of the Tomb of the Ancients
 67317 | Tomb:1   | Reached XP level 22. HP: 172/172 MP: 12/38
 67416 | Tomb:1   | Reached skill level 22 in Unarmed Combat
 68540 | Tomb:1   | Reached skill level 23 in Unarmed Combat
 68616 | Tomb:1   | Reached XP level 23. HP: 184/184 MP: 19/39
 69063 | Tomb:1   | Reached skill level 24 in Unarmed Combat
 69639 | Tomb:3   | Entered Level 3 of the Tomb of the Ancients
 70367 | Tomb:3   | Reached XP level 24. HP: 188/192 MP: 17/39
 70388 | Tomb:2   | Reached skill level 25 in Unarmed Combat
 70933 | Tomb:3   | Got a golden rune of Zot
 71050 | Tomb:3   | Got a scintillating golden amulet
 71065 | Tomb:3   | Got a droning book
 71066 | Tomb:3   | Identified Friog's Papyrus of Ashen Confrontation (You found it on level 3 of the Tomb of the Ancients)
 71087 | Tomb:3   | Identified the amulet "Yzxo Cri" (You found it on level 3 of the Tomb of the Ancients)
 71180 | Tomb:3   | Reached skill level 26 in Unarmed Combat
 72142 | Orc:4    | Bought a scroll of teleportation for 45 gold pieces
 72148 | Orc:4    | Learned a level 4 spell: Insulation
 72520 | Vault:6  | Bought a book of the Warp for 1440 gold pieces
 72750 | Lair:1   | Learned a level 7 spell: Controlled Blink
 72894 | Slime:1  | Entered Level 1 of the Pits of Slime
 72911 | Slime:1  | Reached skill level 10 in Translocations
 73079 | Slime:4  | Paralysed by a giant eyeball for 4 turns
 73370 | Slime:6  | Entered Level 6 of the Pits of Slime
 73422 | Slime:5  | Noticed numlockpick's ghost (legendary OpMo)
 73448 | Slime:6  | Paralysed by a giant eyeball for 3 turns
 73576 | Slime:5  | Killed numlockpick's ghost
 73630 | Slime:6  | Noticed the royal jelly
 73645 | Slime:6  | HP: 12/286 [acid (24)]
 73693 | Slime:6  | HP: 10/286 [acid (33)]
 73697 | Slime:6  | Gained mutation: You tend to lose your temper in combat.
 73734 | Slime:5  | Noticed djoor's ghost (mighty MiBe)
 74057 | Slime:5  | Killed djoor's ghost
 74057 | Slime:5  | Reached XP level 25. HP: 198/198 MP: 0/40
 74160 | Slime:6  | Paralysed by a giant eyeball for 2 turns
 74307 | Slime:6  | Paralysed by a giant eyeball for 3 turns
 74353 | Slime:6  | Found a viscous altar of Jiyva.
 74688 | Slime:5  | HP: 7/289 [azure jelly[the royal jelly] (28)]
 74986 | Slime:6  | Killed the royal jelly
 75158 | Slime:6  | Gained mutation: Your body is slowly deteriorating.
 75567 | Slime:6  | Got an amethyst ring with an ankh
 75570 | Slime:6  | Got an ancient brass ring
 75589 | Slime:6  | Got a slimy rune of Zot
 75595 | Slime:6  | Identified the ring of the Clam (You found it on level 6 of the Pits of Slime)
 75700 | Slime:4  | Paralysed by a giant eyeball for 3 turns
 75956 | Lair:8   | Got a bloodstained centaur barding
 75966 | Lair:8   | Identified the +4 centaur barding of Suesatasu (You acquired it on level 8 of the Lair of Beasts)
 76922 | D:27     | Killed Mennas
 77043 | D:27     | Reached skill level 27 in Unarmed Combat
 77273 | Zot:1    | Entered Level 1 of the Realm of Zot
 77508 | Zot:1    | Identified the ring of Vitality (You found it on level 6 of the Pits of Slime)
 78117 | Zot:3    | Reached XP level 26. HP: 204/204 MP: 28/40
 78379 | Zot:3    | Reached skill level 15 in Fighting
 78899 | Zot:5    | Entered Level 5 of the Realm of Zot
 79660 | Zot:5    | Noticed an orb of fire
 79683 | Zot:5    | Gained mutation: You are agile (Dex +1).
 79685 | Zot:5    | Gained mutation: Your body is deteriorating.
 79686 | Zot:5    | Gained mutation: You are frail (-10% HP).
 79689 | Zot:5    | Lost mutation: You are agile (Dex +1).
 79704 | Zot:5    | Killed an orb of fire
 79823 | Zot:5    | Noticed an orb of fire
 79842 | Zot:5    | Killed an orb of fire
 79934 | Zot:5    | Noticed an ancient lich
 79941 | Zot:5    | Killed an ancient lich
 80006 | Zot:5    | Noticed an orb of fire
 80021 | Zot:5    | Gained mutation: Your vision is a little blurry.
 80026 | Zot:5    | Noticed an ancient lich
 80031 | Zot:5    | Gained mutation: Your body is rapidly deteriorating.
 80073 | Zot:4    | Gained mutation: You are weak (Str -1).
 80299 | Zot:4    | Killed an orb of fire
 80299 | Zot:4    | Reached XP level 27. HP: 211/211 MP: 23/41
 80309 | Zot:5    | Killed an ancient lich
 80662 | Zot:5    | Got the Orb of Zot
 80708 | Zot:5    | Gained mutation: Your mind is acute (Int +1).
 80714 | Zot:5    | Noticed Wueklamu the pandemonium lord
 81200 | D:13     | Gained mutation: You are very frail (-20% HP).
 81232 | D:13     | Your ally Psyche died
 81251 | D:12     | Gained mutation: You are weak (Str -2).
 81391 | D:7      | Gained mutation: You are clumsy (Dex -1).
 81426 | D:5      | Noticed Thokhlay the pandemonium lord
 81500 | D:$      | Escaped with the Orb!

Vault maps used:
D:1:      normal: dpeg_entry_pits
D:3:      normal: yredelemnul_altar_generic
D:4:      normal: portal_sewer_entry_f extra: lookout_dungeons_type
D:5:      normal: uniq_eustachio extra: first_bread, serial_shops, shop
D:6:      normal: temple_secret_doors_e
D:7:      normal: overflow_temple_1_default, orc_0_dummy extra:
          serial_bayou_shore_a, basic_altar
D:8:      normal: zin_angel, uniq_grum, uniq_maurice, uniq_gastronok_1
D:9:      extra: hangedman_little_slice_of_home, fountainhead
D:10:     extra: serial_shops, shop, eino_small_chamber_without_monster
D:11:     extra: trap_monster_doors_1
D:12:     normal: enter_trove_3
D:13:     normal: lemuel_ice_spiral_2, erik_lair_orcish_takeover, uniq_psyche
D:15:     normal: xom_confusion_cloud, david_vaults_5, uniq_jozef, uniq_harold,
          uniq_rupert
D:16:     extra: minmay_misc_feat_tower
D:17:     extra: lab_entry_generic
D:18:     normal: minmay_archer_statue_bushes, uniq_mara, uniq_wiglaf
D:19:     normal: uniq_norris, uniq_frances, uniq_snorg extra: serial_shops,
          shop
D:20:     extra: spider_trap
D:21:     extra: hell_entry, minivault_24
D:22:     normal: hellmouth_3, uniq_xtahua extra: pan_entry, hell_entry,
          serial_shops, shop
D:23:     normal: minmay_skeleton_keep extra: hell_entry, serial_shops, shop,
          pan_entry
D:24:     normal: mu_elemental_laboratory extra: hell_entry, pan_entry,
          minmay_splitting_lines
D:25:     normal: glass_columns_a, glass_columns_a, glass_columns_b,
          glass_columns_a, glass_columns_a extra: abyss_entry, serial_glass,
          hell_entry
D:26:     normal: mu_ancient_champions extra: hell_entry
D:27:     normal: minmay_spriggan_fort, bzr_entry_001, uniq_mennas extra:
          serial_shops, hell_entry
Temple:   normal: circular_temple_12
Orc:1:    normal: mines3_lemuel
Orc:3:    normal: enter_volcano_4
Orc:4:    normal: st_orc_congregation, mines2_david extra: serial_shops, shop
Elf:1:    normal: uniq_josephine
Elf:2:    normal: uniq_joseph extra: corexii_leaking_fountain
Elf:3:    extra: serial_shops, shop, shop
Elf:4:    normal: special_room extra: minmay_misc_feat_rows
Elf:5:    normal: elf_hall, lemuel_upstairs_altar
Lair:1:   extra: basic_altar
Lair:2:   normal: minmay_swamp_entry_worms extra: minivault_11
Lair:4:   normal: minmay_shoals_entry_centaurs
Lair:6:   extra: basic_altar
Lair:7:   extra: basic_altar
Lair:8:   normal: due_jungle_book, portal_ice_cave_entry_pillars_03,
          slime_altar_1
Swamp:2:  extra: swamp_pool3
Swamp:3:  normal: tengu_band extra: swamp_pool1
Swamp:5:  normal: swamp_pestilence
Shoals:1: extra: serial_shops, shop
Shoals:2: normal: uniq_polyphemus, uniq_nikola, uniq_nergalle extra:
          serial_shops, shop
Shoals:5: normal: shoal_ilsuiw, lemuel_oklob_altar, uniq_donald
Vault:1:  extra: basic_altar
Vault:2:  normal: minmay_crypt_entry_simple_plaza, uniq_louise, uniq_saint_roka
Vault:3:  normal: uniq_aizul extra: serial_shops, shop
Vault:4:  extra: serial_shops, shop, basic_altar
Vault:5:  normal: pandoras_box_mu
Vault:6:  normal: uniq_margery, uniq_agnes, uniq_boris extra: serial_shops, shop
Vault:7:  extra: spider_trap
Crypt:3:  normal: special_room, tomb_entry_simple_bobbens extra:
          crypt_curse_skull
Crypt:5:  normal: david_glass_crypt, nrook_guardian_serpent_ordinary extra:
          minmay_misc_feat_hallway
Zot:4:    normal: lemuel_zot_downstairs
Portal    vault maps: sewer_co_scattered_pipes, ice_cave_small_necro,
          volcano_lake, bazaar_minmay_armour_weapon, trove_garden


Message History

(U) Hell (Z) Zot
Where to? (* - list waypoints, Enter - D:1, ? - help)
You fly upwards.
You sense a powerful magical force warping space.
There is a stone staircase leading down here.
Magic restored.
You see here an orcish ring mail.
There is a stone staircase leading up here.
You fly upwards.
You sense a powerful magical force warping space.
There is a stone staircase leading down here.
There is a stone staircase leading up here.
You fly upwards.
You sense a powerful magical force warping space.
There is a stone staircase leading down here.
There is a staircase leading out of the dungeon here.
Are you sure you want to win? [Y]es or [N]o only, please.
Are you sure you want to win?
You have escaped!
